 Dungeon Crawl Stone Soup version 0.30-a0-219-gf2db51d15e (webtiles) character file.

Game seed: 16528755234333601025

39 shadowstone the Covered (level 3, -1/49 HPs)
             Began as a Minotaur Fighter on Oct 7, 2022.
             Was a Follower of Dithmenos.
             Succumbed to a gnoll's poison
             ... on level 2 of the Dungeon.
             The game lasted 00:04:12 (796 turns).

shadowstone the Covered (Minotaur Fighter)           Turns: 796, Time: 00:04:12

Health: -1/49      AC:  7    Str: 22    XL:     3   Next: 28%
Magic:  0/2        EV:  9    Int:  5    God:    Dithmenos [*.....]
Gold:   63         SH:  4    Dex:  9    Spells: 2/2 levels left

rFire   . . .      SeeInvis .    a - +0 long sword
rCold   . . .      Faith    .    c - +0 buckler
rNeg    . . .      Spirit   +    b - +0 scale mail
rPois   .          Reflect  .    (helmet restricted)
rElec   .          Harm     .    (no cloak)
rCorr   .          Rampage  .    (no gloves)
Will    .....                    (no boots)
Stlth   ..........               m - amulet of guardian spirit
HPRegen 0.28/turn                (no ring)
MPRegen 0.08/turn                (no ring)

@: berserking, lethally poisoned (-1 -> -12), wreathed by umbra, very quick
A: horns 2, retaliatory headbutt
a: Renounce Religion


You were on level 2 of the Dungeon.
You worshipped Dithmenos.
Dithmenos was aware of your devotion.
You visited 1 branch of the dungeon, and saw 2 of its levels.

You collected 63 gold pieces.

Inventory:

Hand Weapons
 a - a +0 long sword (weapon)
Armour
 b - a +0 scale mail (worn)
 c - a +0 buckler (worn)
Jewellery
 m - an amulet of guardian spirit (around neck)
Scrolls
 e - 2 scrolls of enchant weapon {unknown}
 f - 2 scrolls of blinking {unknown}
 g - 2 scrolls of teleportation {unknown}
 h - a scroll of immolation
 i - a scroll of identify
 n - a scroll of enchant armour {unknown}
 o - 2 scrolls of amnesia {unknown}
 q - a scroll of acquirement {unknown}
 r - a scroll of fear {unknown}
Potions
 d - a potion of might
 j - a potion of heal wounds {unknown}
 k - a potion of degeneration {unknown}
 p - 2 potions of invisibility {unknown}


   Skills:
 + Level 4.0 Fighting
 + Level 3.0 Long Blades
 + Level 4.2 Armour
 + Level 4.1 Shields


You had 2 spell levels left.
You didn't know any spells.
Your spell library contained the following spells:

 Spells                   Type           Power      Damage    Failure   Level
 Freeze                   Ice            0%         1d3       87%         1
 Frozen Ramparts          Ice            0%         1d1       99%         3
 Hailstorm                Conj/Ice       0%         3d3       99%         3
 Ozocubu's Armour         Ice            0%         N/A       99%         3
 Metabolic Englaciation   Hex/Ice        0%         N/A       100%        5
 Simulacrum               Ice/Necr       0%         N/A       100%        6


Dungeon Overview and Level Annotations

Branches:
Dungeon (2/15)

Altars:
Dithmenos


Innate Abilities, Weirdness & Mutations

You have a pair of horns on your head.
You reflexively headbutt those who attack you in melee.


Message History

The gnoll shouts!
A quokka comes into view.
The gnoll moves out of view.
A goblin comes into view. It is wielding a +0 hand axe.
The goblin shouts!
The gnoll closely misses you.
The gnoll hits you with a +0 spear. x2; The gnoll hits you but does no damage.
You are poisoned.
You hit the gnoll.
The gnoll is heavily wounded.
You feel very sick. You block the quokka's attack.
The gnoll hits you with a +0 spear! The gnoll hits you but does no damage.
The gnoll barely misses you. The quokka bites you.
The gnoll hits you with a +2 whip of venom!
* * * LOW HITPOINT WARNING * * *
The gnoll hits you with a +0 spear.
* * * LOW HITPOINT WARNING * * *
As you read the scroll labelled MIT BAOCKOQA, it crumbles to dust.
It is a scroll of identify.
h - a scroll of immolation
* * * LOW HITPOINT WARNING * * *
You feel sick. The quokka closely misses you. You furiously retaliate!
You headbutt the quokka.
You kill the quokka!
Dithmenos accepts your kill. The gnoll hits you but does no damage.
You block the gnoll's attack.
The gnoll hits you with a +2 whip of venom.
* * * LOW HITPOINT WARNING * * *
It was a potion of berserk rage.
A red film seems to cover your vision as you go berserk!
You feel yourself moving faster!
You feel mighty!
You feel sick. The gnoll misses you. You furiously retaliate!
You headbutt the gnoll!
The gnoll barely misses you. x2; The goblin barely misses you.
The gnoll hits you with a +2 whip of venom.
* * * LOW HITPOINT WARNING * * *
You are more poisoned.
You closely miss the gnoll.
The gnoll is severely wounded.
You die...

## ...#####....... #
#.............. ..
#.............. .(#
#............. ..
#...........
#.....g...# #..g.g##
####.g@g.#
#......#......
#.###.......#.
##.##..........
#..########.........
#....#######........#
####......#.........#
#................#
#....)....#.......


You could see 4 gnolls and a goblin.

Vanquished Creatures
  A gnoll (D:1)
  4 endoplasms
  A giant cockroach (D:1)
  A goblin (D:1)
  4 hobgoblins
  A jackal (D:2)
  A quokka (D:2)
  6 ball pythons
  3 bats (D:1)
  2 kobolds
  3 rats
27 creatures vanquished.

Notes
Turn   | Place    | Note
-------+----------+-------------------------------------------
     0 | D:1      | shadowstone the Minotaur Fighter began the quest for the
                  | Orb.
     0 | D:1      | Reached XP level 1. HP: 19/19 MP: 0/0
   158 | D:1      | Reached XP level 2. HP: 22/27 MP: 1/1
   482 | D:1      | Found a faded altar of an unknown god.
   487 | D:1      | Prayed at the altar of an unknown god.
   487 | D:1      | Became a worshipper of Dithmenos the Shadowed
   487 | D:1      | Reached * piety under Dithmenos
   499 | D:1      | You fall into a shaft and drop 1 floor!
   551 | D:2      | Reached XP level 3. HP: 30/33 MP: 2/2
   795 | D:2      | HP: 2/49 [gnoll/+2 whip of venom (4)]
   796 | D:2      | Succumbed to a gnoll's poison

Illustrated notes

Levels and vault maps discovered:
D:1:      dpeg_arrival_snail, layout_rooms,
          hellmonk_ecumenical_altar_leap_of_faith
D:2:      layout_rooms, minmay_between

Skill      XL: |  1  2  3 |
---------------+----------+-----
Armour         | 4 |  4.2
Shields        | 4 |  4.1
Fighting       | 4 |  4.0
Long Blades    | 3 |  3.0

Action                   || total
-------------------------++-------
Melee: Long sword        ||    56
       Headbutt          ||     9
  Use: Scroll            ||     1
       Potion            ||     1
Armor: Scale mail        ||    33
Dodge: Dodged            ||    51
Block: Buckler           ||    24

Table legend: (Time is in decaauts)
 A = Elapsed time spent in this place.
 B = Non-inter-level travel time spent in this place.
 C = Inter-level travel time spent in this place.
 D = Time resting spent in this place.
 E = Time spent auto-exploring this place.
 F = Levels seen in this place.
 G = Mean time per level.
                   A        B        C        D        E       F      G
               +--------+--------+--------+--------+--------+-----+--------+
         Total |    813 |    804 |      9 |      0 |      0 |   2 |  406.5 |
       Dungeon |    813 |    804 |      9 |      0 |      0 |   2 |  406.5 |
               +--------+--------+--------+--------+--------+-----+--------+

Top non-repeatable levels by time:
     D:1: 509 daAuts
     D:2: 304 daAuts
